 Dungeon Crawl Stone Soup version 0.29.0-11-gd7f09526c8 (webtiles) character file.

Game seed: 3213692313894461255

18 NinjaNoafa the Grave Robber (level 2, -4/20 HPs)
             Began as a Ghoul Necromancer on Sept 6, 2022.
             Slain by a gnoll
             ... wielding a +0 flail
              (11 damage)
             ... on level 1 of the Dungeon.
             The game lasted 00:03:20 (645 turns).

NinjaNoafa the Grave Robber (Ghoul Necromancer)      Turns: 645, Time: 00:03:20

Health: -4/20      AC:  2    Str:  9 (11) XL:     2   Next: 70%
Magic:  0/4        EV: 11    Int:  7 (10) God:
Gold:   25         SH:  0    Dex:  8 (9)  Spells: 4/5 levels left

rFire   . . .      SeeInvis .   (no weapon)
rCold   + . .      Faith    .   (no shield)
rNeg    + + +      Spirit   .   a - +0 robe
rPois   ∞          Reflect  .   (no helmet)
rElec   .          Harm     .   (no cloak)
rCorr   .          Rampage  .   (no gloves)
Will    .....                   (no boots)
Stlth   ++........              (no amulet)
HPRegen 0.00/turn               (no ring)
MPRegen 0.09/turn               (no ring)

@: inhibited regen
A: claws 1, cold resistance 1, negative energy resistance 3, inhibited
regeneration, torment resistance 2, devour on kill
a: no special abilities


You were on level 1 of the Dungeon.
You visited 1 branch of the dungeon, and saw 1 of its levels.

You collected 25 gold pieces.

Inventory:

Missiles
 d - 6 stones
Armour
 a - a +0 robe (worn)
Magical Staves
 b - a staff of cold
Scrolls
 c - a scroll of fear
 f - 2 scrolls of identify {unknown}
Potions
 g - a potion of berserk rage


   Skills:
 - Level 1.7 Dodging
 - Level 2.1 Stealth
 * Level 2.4 Spellcasting
 + Level 4.2 Necromancy


You had 4 spell levels left.
You knew the following spells:

 Your Spells              Type           Power      Damage    Failure   Level
a - Necrotise             Necr           24%        1d5       6%          1

Your spell library contained the following spells:

 Spells                   Type           Power      Damage    Failure   Level
 Vampiric Draining        Necr           6%         2d6       19%         3
 Animate Dead             Necr           6%         N/A       54%         4
 Agony                    Necr           6%         N/A       87%         5


Dungeon Overview and Level Annotations

Branches:
Dungeon (1/15)

Altars:


Innate Abilities, Weirdness & Mutations

You are immune to poison.
You have sharp fingernails.
Your flesh is cold resistant. (rC+)
You are immune to negative energy. (rN+++)
You do not regenerate when monsters are visible.
You are immune to unholy pain and torment.
You thrive by killing the living.


Message History

The ball python barely misses you. The ball python constricts you.
The ball python barely misses you. The ball python constricts you.
You escape the ball python's grasp.
You scratch the ball python.
You kill the ball python!
You feel better.
Casting: Necrotise (safe; 5% risk of failure)
Confirm with . or Enter, or press ? or * to list all spells.
Aiming: Necrotise (safe; 5% risk of failure)
Press: ? - help, Shift-Dir - straight line, f/p - gnoll
Aim: a gnoll, wielding a +0 flail (heavily wounded, chance to affect: 69%)
The gnoll writhes in agony.
You barely miss the gnoll.
The gnoll is almost dead.
The gnoll closely misses you.
It was a potion of degeneration.
There was something very wrong with that liquid.
You feel weakened.
You feel dopey.
You feel clumsy. The gnoll hits you with a +0 flail!
Ouch! That really hurt!
* * * LOW HITPOINT WARNING * * *
It was a potion of berserk rage.
You feel slightly irritated. The gnoll misses you.
Okay, then.
As you read the scroll labelled LUVOSU ZURGHAINI, it crumbles to dust.
You assume a fearsome visage.
The gnoll looks frightened!
It was a scroll of fear.
The gnoll cowers, then darts away.
A gnoll is nearby!
Casting: Necrotise (safe; 6% risk of failure)
Confirm with . or Enter, or press ? or * to list all spells.
Aiming: Necrotise (safe; 6% risk of failure)
Press: ? - help, Shift-Dir - straight line, f/p - gnoll
Aim: a gnoll, wielding a +0 flail (severely wounded, wandering, hasn't noticed you, chance to affect: 62%)
Your attack snaps the gnoll out of its fear.
The gnoll shouts!
The gnoll resists with significant effort.
The gnoll hits you with a +0 flail!
Ouch! That really hurt!
You die...

.. ### #.. #.. #.. ###
### #..
######.###.#########..
#.g.#@#_#.#...#.......
#.##g###.####.........
#.#########...........
#......# #....#######
#......# #...........
#......# #...........
#......# #...........
#......# #...........
#......# #...........


You could see a gnoll.

Vanquished Creatures
  2 ball pythons (D:1)
  2 endoplasms (D:1)
  A giant cockroach (D:1)
  4 jackals (D:1)
  A quokka (D:1)
  A bat (D:1)
  2 frilled lizards (D:1)
  2 kobolds (D:1)
  2 rats (D:1)
17 creatures vanquished.

Vanquished Creatures (collateral kills)
  A ball python (D:1)
1 creature vanquished.

Grand Total: 18 creatures vanquished

Notes
Turn   | Place    | Note
-------+----------+-------------------------------------------
     0 | D:1      | NinjaNoafa the Ghoul Necromancer began the quest for the
                  | Orb.
     0 | D:1      | Reached XP level 1. HP: 14/14 MP: 2/2
   197 | D:1      | Reached XP level 2. HP: 19/20 MP: 0/4
   610 | D:1      | Found a faded altar of an unknown god.
   645 | D:1      | Slain by a gnoll

Illustrated notes

Levels and vault maps discovered:
D:1:      lightli_arrival_noodles, layout_basic,
          chequers_ecumenical_altar_twisty

Skill      XL: |  1 |
---------------+----+-----
Spellcasting   | 2 |  2.4
Dodging        | |  1.7
Stealth        | |  2.1
Necromancy     | |  4.2

Action                   || total
-------------------------++-------
Melee: Unarmed           ||    28
 Cast: Necrotise         ||    33
  Use: Potion            ||     4
       Scroll            ||     1
Armor: Robe              ||     7
Dodge: Dodged            ||    32
